 Dungeon Sprint DCSS version 0.31-a0-986-g5e6e4ef867 (webtiles) character file.

Game seed: 11606777228727559739

5107 rocky1 the Grappler (level 10, -6/157 HPs)
             Began as a Naga Shapeshifter on Nov 4, 2023.
             Was an Initiate of Gozag.
             Mangled by a demonic crawler (14 damage)
             ... in the Dungeon (Sprint VII: "The Pits").
             The game lasted 00:10:21 (2729 turns).

rocky1 the Grappler (Naga Shapeshifter)             Turns: 2729, Time: 00:10:22

Health: -6/157     AC: 12    Str: 20    XL:     10   Next: 57%
Magic:  4/15       EV: 14    Int: 12    God:    Gozag
Gold:   577        SH:  0    Dex: 13    Spells: 12/16 levels left

rFire   . .          .
                       - Unarmed
rCold   . . .        (no shield)
rNeg    . . .        r - +5 ring mail
rPois   +            (helmet currently unavailable)
rElec   .            (cloak currently unavailable)
rCorr   .            (gloves currently unavailable)
SInv    +            (no barding)
Will    +....        (no amulet) Stlth
                     p - +3 ring of evasion
HPRegen 0.46/turn    q - +3 ring of dexterity
MPRegen 0.14/turn

%: no teleportation
@: berserking, beast-form, gold aura, very slightly contaminated, hasted and
slowed, very slow
A: beast (slay +4), AC +3, large, see invisible, deformed body, poison
resistance, slowness 2, spit poison 1, naga tail 1
a: Spit Poison, Begin Untransformation, Renounce Religion, Potion Petition, Call
Merchant, Bribe Branch


You were in the Dungeon.
You worshipped Gozag.
Gozag was pleased with you.
You were a hulking beast.
You visited 1 branch You collected 4374 gold pieces.
You spent 1116 gold pieces at shops.
You paid 2681 gold pieces to Gozag.

Inventory:

Armour
 a - a +0 animal skin
 o - a +3 chain mail
 r - a +5 ring mail (worn)
 s - a +0 helmet
 t - a +0 pair of gloves
Jewellery
 p - a +3 ring of evasion (left hand)
 q - a +3 ring of dexterity (right hand)
Talismans
 c - a beast talisman
 d - a flux talisman
Wands
 v - a wand of roots (5)
Scrolls
 j - a scroll of blinking
 l - 2 scrolls of vulnerability
 m - 5 scrolls of amnesia
 n - a scroll of butterflies
 u - a scroll of fog
Potions
 b - 2 potions of lignification
 e - 7 potions of curing
 f - 7 potions of heal wounds
 g - 2 potions of haste
 h - 4 potions of magic
 i - 2 potions of berserk rage
 k - a potion of invisibility


   Skills:
 + Level 11.4 Fighting
 + Level 7.3 Armour
 + Level 7.4 Dodging
 * Level 12.7 Unarmed Combat
 + Level 3.9 Spellcasting
 + Level 5.7 Poison Magic
 * Level 11.7 Shapeshifting


You had 12 spell levels left.
You knew the following spells:

 Your Spells              Type           Power      Damage    Failure   Level
a - Olgreb's Toxic Radia  Pois           16%        N/A       32%         4

Your spell library contained the following spells:

 Spells                   Type           Power      Damage    Failure   Level
 Discord                  Hex            1%         N/A       100%        8
 Ignition                 Fire           1%         3d3       100%        8


Dungeon Overview and Level Annotations

Branches:
Dungeon (1/1)

Altars:
Ashenzari
Cheibriados
Dithmenos
Elyvilon
Fedhas
Gozag
Hepliaklqana
Kikubaaqudgha
Makhleb
Nemelex Xobeh
Okawaru
Qazlal
Ru
Sif Muna
Trog
Uskayaw
Vehumet
Wu Jian
Xom
Yredelemnul
Zin
The Shining One
Jiyva
Lugonu

Shops:
D **:

Annotations:
D Maurice


Innate Abilities, Weirdness & Mutations

You are a hulking beast.
Your limbs bulge with bestial killing power. (Slay +4)
Your serpentine skin is tough. (AC +3)
You have supernaturally acute eyesight. (SInv)
Armour fits poorly on your strangely shaped body.
Your system is resistant to poisons. (rPois)
You cover ground very slowly.
You can spit poison.
You have a snake-like lower body.


Message History

Unknown command.
You feel much better. The yaktaur hits you. The blink frog hits you!
The guardian serpent misses you.
The demonic crawler hits you but does no damage.
The demonic crawler hits you. The demonic crawler closely misses you.
The shadow misses you.
A red film seems to cover your vision as you go berserk!
You feel yourself moving faster!
You feel mighty!
The blink frog hits you but does no damage.
The guardian serpent casts a spell at you.
The blink frog blinks!
The demonic crawler hits you but does no damage.
The demonic crawler barely misses you. The demonic crawler hits you.
Maurice casts a spell.
Maurice blinks!
The yaktaur closely misses you. The shadow hits you.
The guardian serpent hits you but does no damage.
The blink frog hits you!
* * * LOW HITPOINT WARNING * * *
The blink frog blinks!
The demonic crawler barely misses you. x3
You hit the demonic crawler.
The demonic crawler is lightly wounded.
The blink frog blinks!
The yaktaur hits you!
* * * LOW HITPOINT WARNING * * *
The guardian serpent casts a spell at you.
You easily resist.
The shadow misses you. The blink frog closely misses you.
The demonic crawler hits you but does no damage.
The demonic crawler hits you!
* * * LOW HITPOINT WARNING * * *
The demonic crawler hits you but does no damage.
You punch the demonic crawler!
The demonic crawler is moderately wounded.
The blink frog closely misses you. The guardian serpent hits you!
* * * LOW HITPOINT WARNING * * *
Maurice gestures wildly while chanting.
Maurice flickers and vanishes for a moment.
The yaktaur misses you.
The blink frog hits you but does no damage.
The demonic crawler hits you!
You die...
Your body crumbles into a pile of gold.

###### ############
######
....+..'...### .....
....+..'.....## ....
...##..##.....##
...#
.###....###....#
...#
##........###[###§.#
#...#..#...#.).s#F.#
[[...∩....∩'...FhW.+
#...#..#...#...c#S§#
##........###.###F.#
.###....###.[..#
...#
...##..##.[[..##
...# ....+[[).....##
@... #...+..'...###
..... ###########
######


You could see Maurice (invisible, poisoned), a demonic crawler, a guardian
serpent, a yaktaur (very poisoned), 3 blink frogs and a shadow.

Vanquished Creatures
  A hydra (D)
  A deep elf pyromancer (D)
  A smoke demon (D)
  An unseen horror (D)
  A kobold demonologist (D)
  A red devil (D)
  A hellwing (D)
  A blink frog (D)
  A glass eye (D)
  A wyvern (D)
  A water elemental (D)
  2 redbacks (D)
  An orc warrior (D)
  2 ice beasts (D)
  A centaur (D)
  4 wolves (D)
  An ogre (D)
  A bullfrog (D)
  2 necrophages (D)
  9 wights (D)
  6 killer bees (D)
  A crimson imp (D)
  2 iron imps (D)
  2 iguanas (D)
  A gnoll bouda (D)
  An orc wizard (D)
  3 gnolls (D)
  An adder (D)
  A river rat (D)
  An adder zombie (D)
  A worm (D)
  3 orcs (D)
  A ball python (D)
  A bat (D)
  2 endoplasms (D)
  A giant cockroach (D)
  A goblin (D)
  A quokka (D)
  A rat (D)
65 creatures vanquished.

Vanquished Creatures (others)
  A hound (D)
1 creature vanquished.

Grand Total: 66 creatures vanquished

Notes
Turn   | Place    | Note
-------+----------+-------------------------------------------
     0 | D        | rocky1 the Naga Shapeshifter began the quest for the Orb.
     0 | D        | Reached XP level 1. HP: 18/18 MP: 1/1
    65 | D        | Found a bloodstained altar of Trog.
    65 | D        | Found a shimmering blue altar of Sif Muna.
    65 | D        | Found a viscous altar of Jiyva.
    65 | D        | Found a hazy altar of Hepliaklqana.
    65 | D        | Found an opulent altar of Gozag.
    66 | D        | Found a glowing golden altar of the Shining One.
    66 | D        | Found a glowing silver altar of Zin.
    66 | D        | Found a basalt altar of Yredelemnul.
    66 | D        | Found a shimmering altar of Xom.
    66 | D        | Found an ornate altar of the Wu Jian Council.
    66 | D        | Found a sacrificial altar of Ru.
    66 | D        | Found a stormy altar of Qazlal.
    66 | D        | Found an iron altar of Okawaru.
    66 | D        | Found a sparkling altar of Nemelex Xobeh.
    66 | D        | Found a burning altar of Makhleb.
    66 | D        | Found a blossoming altar of Fedhas.
    66 | D        | Found a white marble altar of Elyvilon.
    66 | D        | Found a shadowy altar of Dithmenos.
    66 | D        | Found a snail-covered altar of Cheibriados.
    70 | D        | Found a corrupted altar of Lugonu.
    70 | D        | Found a radiant altar of Vehumet.
    71 | D        | Found a broken altar of Ashenzari.
    71 | D        | Found an ancient bone altar of Kikubaaqudgha.
    71 | D        | Found a hide-covered altar of Uskayaw.
    73 | D        | Became a worshipper of Gozag Ym Sagoz the Greedy
    83 | D        | Noticed a glass eye
   109 | D        | Killed a glass eye
   110 | D        | Reached skill level 5 in Fighting
   110 | D        | Reached skill level 6 in Unarmed Combat
   110 | D        | Reached skill level 5 in Shapeshifting
   110 | D        | Reached XP level 2. HP: 32/32 MP: 2/2
   110 | D        | Reached XP level 3. HP: 39/39 MP: 3/3
   110 | D        | Reached XP level 4. HP: 46/46 MP: 4/4
   110 | D        | Reached XP level 5. HP: 52/52 MP: 5/5
   372 | D        | Reached XP level 6. HP: 32/62 MP: 6/6
   621 | D        | Noticed an orc warrior
   628 | D        | Reached skill level 7 in Unarmed Combat
   649 | D        | Killed an orc warrior
   657 | D        | Reached XP level 7. HP: 52/72 MP: 7/7
   665 | D        | Reached skill level 8 in Unarmed Combat
   669 | D        | HP: 2/72 [gnoll/+0 flail[a gnoll bouda] (7)]
   904 | D        | Reached skill level 5 in Dodging
   912 | D        | Reached skill level 9 in Unarmed Combat
   971 | D        | Noticed a four-headed hydra
   971 | D        | Noticed a deep elf pyromancer
   983 | D        | Killed a four-headed hydra
   984 | D        | Reached skill level 5 in Armour
   984 | D        | Reached skill level 10 in Unarmed Combat
   984 | D        | Reached XP level 8. HP: 50/85 MP: 8/8
   988 | D        | Killed a deep elf pyromancer
   989 | D        | Reached skill level 10 in Fighting
   989 | D        | Reached XP level 9. HP: 56/93 MP: 9/9
  1450 | D        | Noticed an unseen horror
  1478 | D        | Killed an unseen horror
  1479 | D        | Reached skill level 11 in Unarmed Combat
  1479 | D        | Reached skill level 10 in Shapeshifting
  1794 | D        | Bought a scroll of fog for 56 gold pieces
  1794 | D        | Bought a potion of lignification for 42 gold pieces
  1794 | D        | Bought the Unrestrained Analects for 644 gold pieces
  1799 | D        | Learned a level 4 spell: Olgreb's Toxic Radiance
  1906 | D        | Noticed a hellwing
  1913 | D        | Reached skill level 1 in Poison Magic
  1915 | D        | Reached skill level 1 in Spellcasting
  1934 | D        | Killed a hellwing
  2012 | D        | Noticed a red devil
  2014 | D        | Noticed a smoke demon
  2022 | D        | Killed a smoke demon
  2023 | D        | Reached XP level 10. HP: 103/103 MP: 13/13
  2028 | D        | Reached skill level 12 in Unarmed Combat
  2202 | D        | Bought a wand of roots (5) for 204 gold pieces
  2202 | D        | Bought a potion of haste for 170 gold pieces
  2515 | D        | Reached skill level 5 in Poison Magic
  2671 | D        | Noticed a kobold demonologist
  2678 | D        | Killed a kobold demonologist
  2720 | D        | Noticed a demonic crawler
  2720 | D        | Noticed a guardian serpent
  2720 | D        | Noticed Maurice
  2729 | D        | Mangled by a demonic crawler

Illustrated notes

Levels and vault maps discovered:
D:        pitsprint [storerooms_1, entrance_room_1, metal_vault_4, armoury_1,
          mini_pit_1, grid_room_1, main_hall_1, silver_pit, the_coven_3,
          the_vestibule_1, steel_vault_5, golden_pit, hallway_of_sentries,
          crystal_vault_5, iron_vault_5, final_vault]

Skill      XL: |  1  2  3  4  5  6  7  8  9 10 |
---------------+-------------------------------+-----
Fighting       | 5 7 9 10 11 | 11.4
Armour         | 3 4 5 6 7 |  7.3
Dodging        | 3 4 5 6 7 |  7.4
Unarmed Combat | 6 7 10 11 12 | 12.7
Shapeshifting  | 5 6 7 9 11 | 11.7
Poison Magic   | 3 5 |  5.7
Spellcasting   | 2 3 |  3.9

Action                     |  1- 3 |  4- 6 |  7- 9 | 10-12 || total
---------------------------+-------+-------+-------+-------++-------
  Melee: Unarmed           |    38 |    50 |   114 |    67 ||   269
         Punch             |     2 |     2 |     7 |     3 ||    14
   Cast: Olgreb's Toxic Ra |       |       |       |     2 ||     2
 Invoke: Call Merchant     |       |       |     1 |     2 ||     3
         Potion Petition   |       |       |     1 |     1 ||     2
Ability: Spit Poison       |       |     1 |     2 |     1 ||     4
    Use: Potion            |       |     1 |     6 |     4 ||    11
   Stab: Invisible         |       |       |     3 |       ||     3
 Armour: Animal skin       |    10 |     6 |       |       ||    16
         Chain mail        |       |    18 |    60 |       ||    78
         Ring mail         |       |       |    54 |    79 ||   133
  Dodge: Dodged            |     5 |    11 |    72 |    81 ||   169

Table legend: (Time is in decaauts)
 A = Elapsed time spent in this place.
 B = Non-inter-level travel time spent in this place.
 C = Inter-level travel time spent in this place.
 D = Time resting spent in this place.
 E = Time spent auto-exploring this place.
 F = Levels seen in this place.
 G = Mean time per level.
                   A        B        C        D        E       F      G
               +--------+--------+--------+--------+--------+-----+--------+
         Total |   2864 |   2787 |     77 |   1967 |      0 |   1 | 2864.0 |
       Dungeon |   2864 |   2787 |     77 |   1967 |      0 |   1 | 2864.0 |
               +--------+--------+--------+--------+--------+-----+--------+

Top non-repeatable levels by time:
       D: 2864 daAuts
